 Dungeon Crawl Stone Soup version 0.28.0 (webtiles) character file.

Game seed: 9811805625793655054

3582 Dirian the Pious (level 9, -7/79 HPs)
             Began as a Minotaur Fighter on Feb 11, 2022.
             Was a Believer of Zin.
             Killed by nerve-wracking pain
             ... invoked by Menkaure
              (13 damage)
             ... on level 7 of the Dungeon.
             The game lasted 00:10:01 (5502 turns).

Dirian the Pious (Minotaur Fighter)                 Turns: 5502, Time: 00:10:02

Health: -7/79      AC: 11    Str: 28    XL:     9   Next: 84%
Magic:  17/17      EV:  9    Int:  5    God:    Zin [**....]
Gold:   199        SH:  6    Dex: 19    Spells: 8/8 levels left

rFire   . . .      SeeInvis .   a - +1 long sword (venom)
rCold   . . .      Faith    .   c - +0 buckler
rNeg    . . .      Spirit   .   t - +0 chain mail
rPois   .          Reflect  .   (helmet restricted)
rElec   .          Harm     .   (no cloak)
rCorr   .          Rampage  .   j - +0 pair of gloves
Will    .....                   (no boots)
Stlth   ..........              e - amulet of regeneration
HPRegen 1.03/turn               f - +6 ring of dexterity
MPRegen 0.15/turn               d - +6 ring of strength

@: on recite cooldown
A: horns 2, retaliatory headbutt
a: Renounce Religion, Recite, Vitalisation, Donate Gold


You were on level 7 of the Dungeon.
You worshipped Zin.
Zin was pleased with you.
You visited 1 branch of the dungeon, and saw 7 of its levels.

You collected 221 gold pieces.
You donated 22 gold pieces to Zin.

Inventory:

Hand Weapons
 a - a +1 long sword of venom (weapon)
 o - a +0 long sword
 s - the +8 dagger "Zumey" {vorpal, rCorr Str+3 Dex+3 Stlth+}
   (You found it on level 5 of the Dungeon)

   It inflicts extra damage upon your enemies.
   Str:       It affects your strength (+3).
   Dex:       It affects your dexterity (+3).
   rCorr:     It protects you from acid and corrosion.
   Stlth:     It makes you more stealthy.
Armour
 c - a +0 buckler (worn)
 j - a +0 pair of gloves (worn)
 t - a +0 chain mail (worn)
Jewellery
 d - a +6 ring of strength (right hand)
 e - an amulet of regeneration (around neck)
 f - a +6 ring of dexterity (left hand)
 i - a ring of protection from fire
 k - a ring of resist corrosion
Scrolls
 l - a scroll of fear
 p - a scroll of fog
Potions
 b - a potion of cancellation {unknown}
 g - a potion of flight
 h - 3 potions of haste
 m - 2 potions of ambrosia
 n - a potion of resistance
 q - 2 potions of curing
 w - a potion of heal wounds


   Skills:
 + Level 7.2 Fighting
 * Level 9.2 Long Blades
 + Level 6.5 Armour
 - Level 1.0 Dodging
 + Level 6.5 Shields
 - Level 12.0 Invocations


You had 8 spell levels left.
You didn't know any spells.
Your spell library contained the following spells:

 Spells                   Type           Power      Damage    Failure   Level
 Magic Dart               Conj           0%         1d3       98%         1
 Call Imp                 Summ           0%         N/A       99%         2
 Searing Ray              Conj           0%         2d4       99%         2
 Dazzling Flash           Conj/Hex       0%         N/A       100%        3
 Gell's Gravitas          Tloc           0%         N/A       100%        3
 Mephitic Cloud           Conj/Pois/Air  0%         N/A       100%        3
 Ozocubu's Armour         Ice            0%         N/A       100%        3
 Teleport Other           Tloc           0%         N/A       100%        3
 Fulminant Prism          Conj/Hex       0%         3d6       100%        4
 Agony                    Necr           0%         N/A       100%        5
 Silence                  Hex/Air        0%         N/A       100%        5
 Dispersal                Tloc           0%         N/A       100%        6
 Ozocubu's Refrigeration  Ice            0%         4d5       100%        7


Dungeon Overview and Level Annotations

Branches:
Dungeon (7/15)             Temple (0/1) D:4

Altars:
Zin

Shops:
D:7 :

Annotations:
D:7 Menkaure


Innate Abilities, Weirdness & Mutations

You have a pair of horns on your head.
You reflexively headbutt those who attack you in melee.


Message History

The orc warrior hits you with a +0 trident.
Menkaure hits you but does no damage.
You barely miss the orc warrior.
You headbutt the orc warrior, but do no damage.
The orc warrior is moderately wounded.
Menkaure closely misses you. You furiously retaliate!
You headbutt Menkaure!
The orc warrior is lost in a daze.
You hit the orc warrior but do no damage.
Your headbutt misses the orc warrior.
The orc warrior is moderately wounded.
You block Menkaure's attack.
The orc warrior is lost in a daze.
You completely miss the orc warrior.
You headbutt the orc warrior, but do no damage.
The orc warrior is moderately wounded.
Menkaure closely misses you.
The orc warrior is lost in a daze.
You hit the orc warrior.
The orc warrior is poisoned.
You headbutt the orc warrior.
The orc warrior is heavily wounded.
You block Menkaure's attack. The orc warrior closely misses you.
You block the water moccasin skeleton's attack.
You hit the orc warrior but do no damage.
The orc warrior looks as sick as possible!
Your headbutt misses the orc warrior.
The orc warrior is heavily wounded.
Menkaure hits you!!
* * * LOW HITPOINT WARNING * * *
The water moccasin skeleton bites you but does no damage.
The orc warrior hits you with a +0 trident.
* * * LOW HITPOINT WARNING * * *
You hit the orc warrior.
The orc warrior looks as sick as possible!
The orc warrior is severely wounded.
You block Menkaure's attack.
The orc priest begins to cast a cantrip, but forgets the words!
The water moccasin skeleton bites you but does no damage.
The orc warrior hits you with a +0 trident!
* * * LOW HITPOINT WARNING * * *
Menkaure casts a spell at you. Pain shoots through your body!
You die...

##.....# #
##....... .#
.$.....###.
##....[...
#.......#####
#............
#....).o.######
#.....ZM.......
#......@.#####
#.....o..#
..)......<.#
############


You could see an orc warrior (dazed, extremely poisoned), Menkaure (fast,
corona), an orc priest (blind) and a water moccasin skeleton.

Vanquished Creatures
  Grinder (D:5)
  Prince Ribbit (D:6)
  Sigmund (D:6)
  Eustachio (D:5)
  Duvessa (D:6)
  An ice beast (D:6)
  3 ogres
  A centaur (D:6)
  2 phantoms
  A kobold brigand (D:6)
  A bullfrog (D:7)
  3 scorpions
  Dowan (D:6)
  A water moccasin skeleton (D:5)
  A jelly (D:4)
  3 orc priests
  4 hounds
  2 bullfrog zombies (D:6)
  2 iguanas (D:5)
  3 orc wizards
  7 gnolls
  7 adders
  A white imp (D:6)
  An adder skeleton (D:4)
  2 worms
  2 dart slugs
  14 orcs
  11 endoplasms
  5 giant cockroaches
  4 goblins
  8 hobgoblins
  2 jackals (D:1)
  3 quokkas
  4 ball pythons
  6 bats
  A frilled lizard (D:1)
  8 kobolds
  4 rats
124 creatures vanquished.

Notes
Turn   | Place    | Note
-------+----------+-------------------------------------------
     0 | D:1      | Dirian the Minotaur Fighter began the quest for the Orb.
     0 | D:1      | Reached XP level 1. HP: 19/19 MP: 0/0
   223 | D:1      | Reached XP level 2. HP: 27/27 MP: 1/1
   700 | D:2      | Reached skill level 1 in Dodging
   700 | D:2      | Reached XP level 3. HP: 3/33 MP: 2/2
   998 | D:2      | Reached XP level 4. HP: 30/40 MP: 3/3
  1206 | D:2      | Found a glowing silver altar of Zin.
  1540 | D:2      | Became a worshipper of Zin the Law-Giver
  1953 | D:3      | Reached XP level 5. HP: 23/47 MP: 4/4
  2126 | D:3      | Reached * piety under Zin
  2328 | D:4      | Reached skill level 5 in Long Blades
  2337 | D:4      | Reached XP level 6. HP: 26/55 MP: 5/5
  2542 | D:4      | Reached skill level 5 in Fighting
  2542 | D:4      | Reached skill level 5 in Armour
  2542 | D:4      | Reached skill level 5 in Shields
  3051 | D:4      | Reached XP level 7. HP: 54/61 MP: 6/6
  3329 | D:4      | Found a staircase to the Ecumenical Temple.
  3877 | D:5      | Entered Level 5 of the Dungeon
  4028 | D:5      | Noticed Grinder
  4043 | D:5      | Killed Grinder
  4155 | D:5      | Noticed Eustachio
  4178 | D:5      | Killed Eustachio
  4179 | D:5      | Reached XP level 8. HP: 55/71 MP: 7/7
  4865 | D:5      | Identified the +8 dagger "Zumey" {vorpal, rCorr Str+3 Dex+3
                  | Stlth+}
  4871 | D:5      | Reached skill level 12 in Invocations
  4871 | D:5      | Reached XP level 9. HP: 78/78 MP: 7/17
  5073 | D:6      | Reached ** piety under Zin
  5115 | D:6      | Noticed Sigmund
  5115 | D:6      | Noticed Duvessa
  5115 | D:6      | Noticed Dowan
  5126 | D:6      | Killed Dowan
  5129 | D:6      | Killed Duvessa
  5132 | D:6      | Killed Sigmund
  5191 | D:6      | Noticed Prince Ribbit
  5219 | D:6      | Killed Prince Ribbit
  5479 | D:7      | Found Wiafyjiv's Book Emporium.
  5486 | D:7      | Noticed Menkaure
  5502 | D:7      | Killed from afar by Menkaure

Illustrated notes

Levels and vault maps discovered:
D:1:      tarquinn_simple_flora_water_f, layout_rooms, corner_web_ring
D:2:      layout_basic, basic_altar, minmay_close_crescents
D:3:      layout_rooms, kennysheep_generic_room_16
D:4:      nicolae_cairo_tiling, layout_cave_pods, minmay_temple_entry_poolview,
          minmay_crystal_room
D:5:      layout_basic, uniq_grinder, uniq_eustachio
D:6:      layout_gridville, chequers_serial_rivers_micro_a, uniq_sigmund,
          uniq_duvessa, uniq_prince_ribbit1
D:7:      layout_loops_ring, serial_shops, shop, shop, nicolae_stop_n_shop_1,
          shop, shop, uniq_joseph, uniq_maggie, uniq_menkaure

Skill      XL: |  1  2  3  4  5  6  7  8  9 |
---------------+----------------------------+-----
Long Blades    | 3 4 5 6 8 9 |  9.2
Armour         | 4 5 6 |  6.5
Dodging        | 1 |  1.0
Fighting       | 4 5 6 7 |  7.2
Shields        | 4 5 6 |  6.5
Invocations    | 12 | 12.0

Action                   |  1- 3 |  4- 6 |  7- 9 || total
-------------------------+-------+-------+-------++-------
Melee: Long sword        |    67 |   107 |   166 ||   340
       Headbutt          |     4 |    19 |    38 ||    61
Invok: Recite            |       |       |     3 ||     3
  Use: Potion            |     1 |       |     1 ||     2
       Scroll            |       |     9 |     6 ||    15
 Stab: Confused          |       |       |     2 ||     2
Armor: Scale mail        |    36 |    41 |    56 ||   133
       Chain mail        |       |       |     8 ||     8
Dodge: Dodged            |    43 |    37 |    90 ||   170
Block: Buckler           |    18 |    18 |    59 ||    95
